[ AOE2 MATCH · #506175069 ]
UnrankedIncas vs Malay
Player's team · LOSS
Rival team · WIN
[ REPLAY ANALYSIS · EXTRACTED FROM THE RECORDED GAME ]
Feudal
8:58
Castle
25:35
Imperial
39:26
| APM avg | 52.5 |
| APM peak | 100 |
| eAPM avg | 25.4 |
| Villagers / military | 126 / 104 |
Focus
⚔️ 40.2% · 🌾 59.8%
Skirmisher ×53 · Unknown (2550) ×40 · Archer ×22 · Monk ×21 · Kamayuk ×6 · Spearman ×1
Feudal
8:50
Castle
23:54
Imperial
40:26
| APM avg | 62.5 |
| APM peak | 110 |
| eAPM avg | 32.5 |
| Villagers / military | 185 / 183 |
Focus
⚔️ 40.1% · 🌾 59.9%
Archer ×79 · Battle Elephant ×38 · Scout Cavalry ×37 · Militia ×8 · Skirmisher ×8 · Trebuchet (Packed) ×5
Match map
Initial resources + every placement click. Lines = walls · curves = elevation contours. ◆ gold · ⬟ stone · ● berries · ✦ relic · ◌ wall gap
Your base· Open — 8t gap
DK | Good_luck's base· Open — 8t gap
Smoothed initial terrain · ◌ = detected wall gap · hover for details
Inputs per minute
— I'm The Cost - - DK | Good_luck
Build order — I'm The Cost
First 150 of 309 actions detected
| 0:00 | Create | Villager (Male) |
| 0:01 | Build | House |
| 0:13 | Create | Villager (Male) |
| 0:22 | Create | Villager (Male) |
| 0:34 | Create | Villager (Male) |
| 1:14 | Create | Villager (Male) |
| 1:50 | Build | Settlement |
| 1:53 | Create | Villager (Male) |
| 2:23 | Create | Villager (Male) |
| 2:46 | Create | Villager (Male) |
| 2:51 | Build | House |
| 3:02 | Create | Villager (Male) |
| 3:44 | Create | Villager (Male) |
| 3:58 | Create | Villager (Male) |
| 4:22 | Create | Villager (Male) |
| 4:53 | Create | Villager (Male) |
| 5:15 | Create | Villager (Male) |
| 5:34 | Create | Villager (Male) |
| 5:52 | Build | Settlement |
| 6:00 | Research | Loom |
| 6:48 | Research | Feudal Age |
| 8:24 | Build | Barracks |
| 8:30 | Build | Palisade Wall |
| 8:31 | Build | Palisade Wall |
| 8:38 | Build | Palisade Wall |
| 8:44 | Build | Palisade Wall |
| 8:45 | Build | Palisade Wall |
| 8:46 | Build | Palisade Wall |
| 8:47 | Build | Palisade Wall |
| 8:49 | Build | Palisade Wall |
| 8:50 | Build | Palisade Wall |
| 8:58 | Age | Feudal Age |
| 9:06 | Create | Villager (Male) |
| 9:19 | Build | Palisade Wall |
| 9:22 | Build | Barracks |
| 9:23 | Create | Spearman |
| 9:24 | Build | Palisade Wall |
| 9:26 | Build | Palisade Wall |
| 9:34 | Create | Villager (Male) |
| 9:38 | Build | House |
| 9:39 | Build | Palisade Wall |
| 9:40 | Create | Villager (Male) |
| 9:48 | Build | Palisade Wall |
| 10:04 | Research | Double-Bit Axe |
| 10:13 | Build | Farm |
| 10:19 | Create | Villager (Male) |
| 10:50 | Create | Villager (Male) |
| 11:13 | Create | Villager (Male) |
| 11:18 | Build | Palisade Wall |
| 11:24 | Build | Archery Range |
| 11:37 | Build | Palisade Wall |
| 11:51 | Create | Villager (Male) |
| 12:01 | Create | Unit 2550 |
| 12:01 | Create | Unit 2550 |
| 12:08 | Build | House |
| 12:14 | Create | Skirmisher |
| 12:29 | Create | Villager (Male) |
| 12:32 | Build | Archery Range |
| 12:39 | Create | Archer |
| 12:44 | Create | Villager (Male) |
| 13:08 | Create | Villager (Male) |
| 13:23 | Create | Skirmisher |
| 13:23 | Create | Skirmisher |
| 13:32 | Create | Archer |
| 13:32 | Create | Archer |
| 13:37 | Build | House |
| 13:42 | Create | Villager (Male) |
| 13:55 | Build | Blacksmith |
| 13:58 | Create | Villager (Male) |
| 14:24 | Build | Watch Tower |
| 14:36 | Build | Stone Wall |
| 14:46 | Create | Villager (Male) |
| 14:48 | Research | Fletching |
| 14:48 | Research | Fletching |
| 14:49 | Create | Archer |
| 14:49 | Create | Archer |
| 14:57 | Build | Farm |
| 15:32 | Create | Villager (Male) |
| 15:53 | Build | Outpost |
| 15:56 | Create | Archer ×4 |
| 15:56 | Create | Archer ×4 |
| 15:57 | Create | Skirmisher ×2 |
| 16:19 | Create | Archer |
| 16:19 | Create | Archer |
| 16:19 | Create | Skirmisher ×2 |
| 17:05 | Create | Archer |
| 17:06 | Create | Villager (Male) ×2 |
| 17:10 | Build | Farm |
| 17:11 | Build | Farm |
| 17:52 | Create | Archer ×4 |
| 18:27 | Create | Skirmisher |
| 18:27 | Create | Skirmisher |
| 18:38 | Create | Villager (Male) |
| 18:40 | Build | Farm |
| 18:40 | Build | Farm |
| 18:40 | Build | Farm |
| 18:40 | Build | Farm |
| 18:40 | Build | Farm |
| 18:40 | Build | Farm |
| 18:41 | Build | Farm |
| 18:55 | Build | House |
| 19:07 | Create | Villager (Male) |
| 19:26 | Create | Villager (Male) |
| 19:40 | Build | Farm |
| 19:41 | Build | Farm |
| 19:42 | Create | Villager (Male) |
| 19:48 | Build | House |
| 19:50 | Create | Archer |
| 19:50 | Create | Archer |
| 19:54 | Create | Skirmisher |
| 19:57 | Create | Villager (Male) |
| 20:13 | Create | Villager (Male) |
| 20:15 | Build | Farm |
| 20:37 | Create | Skirmisher |
| 21:06 | Create | Villager (Male) |
| 21:07 | Build | Farm |
| 21:08 | Build | Farm |
| 21:10 | Build | Farm |
| 21:17 | Build | Palisade Wall |
| 21:40 | Create | Villager (Male) |
| 21:41 | Build | Market |
| 21:46 | Create | Skirmisher |
| 21:47 | Create | Skirmisher |
| 22:02 | Create | Skirmisher |
| 22:08 | Create | Villager (Male) |
| 22:10 | Build | Farm |
| 22:39 | Build | Farm |
| 22:55 | Research | Castle Age |
| 23:03 | Build | House |
| 23:08 | Build | Palisade Wall |
| 23:19 | Build | Farm |
| 23:26 | Build | Palisade Wall |
| 23:30 | Build | Farm |
| 23:35 | Research | Tech 1402 |
| 23:45 | Create | Unit 2550 |
| 23:50 | Build | Farm |
| 23:53 | Build | Farm |
| 24:03 | Research | Scale Mail Armor |
| 24:18 | Create | Unit 2550 |
| 24:21 | Create | Unit 2550 |
| 24:26 | Build | Palisade Wall |
| 24:28 | Build | Palisade Wall |
| 24:29 | Build | Palisade Wall |
| 24:33 | Build | Farm |
| 24:37 | Create | Unit 2550 |
| 24:40 | Research | Arson |
| 24:45 | Build | Farm |
| 24:47 | Build | Farm |
| 25:04 | Create | Unit 2550 ×3 |
| 25:13 | Build | Farm |
Build order — DK | Good_luck
First 150 of 602 actions detected
| 0:02 | Create | Villager (Male) |
| 0:02 | Create | Villager (Male) |
| 0:02 | Build | House |
| 0:02 | Create | Villager (Male) |
| 0:04 | Build | House |
| 0:07 | Create | Villager (Male) |
| 0:07 | Create | Villager (Male) |
| 1:09 | Create | Villager (Male) |
| 1:42 | Create | Villager (Male) |
| 1:46 | Build | Lumber Camp |
| 2:25 | Create | Villager (Male) |
| 2:46 | Create | Villager (Male) |
| 3:07 | Create | Villager (Male) |
| 3:23 | Create | Villager (Male) |
| 3:23 | Create | Villager (Male) |
| 3:47 | Create | Villager (Male) |
| 3:59 | Build | House |
| 4:00 | Build | House |
| 4:02 | Create | Villager (Male) |
| 4:33 | Create | Villager (Male) |
| 4:59 | Build | Mill |
| 5:11 | Create | Villager (Male) |
| 5:23 | Create | Villager (Male) |
| 5:44 | Create | Villager (Male) |
| 6:13 | Create | Villager (Male) |
| 6:20 | Build | Barracks |
| 6:30 | Research | Loom |
| 6:36 | Build | House |
| 7:21 | Build | Mining Camp |
| 7:31 | Research | Feudal Age |
| 7:41 | Create | Militia |
| 7:53 | Build | House |
| 8:00 | Create | Militia |
| 8:05 | Build | Palisade Wall |
| 8:26 | Create | Militia |
| 8:50 | Age | Feudal Age |
| 8:57 | Create | Villager (Male) |
| 9:11 | Create | Villager (Male) |
| 9:37 | Create | Villager (Male) |
| 9:42 | Create | Villager (Male) |
| 9:44 | Build | Archery Range |
| 9:47 | Build | House |
| 9:52 | Create | Villager (Male) |
| 9:58 | Build | Palisade Wall |
| 10:23 | Create | Villager (Male) |
| 10:42 | Create | Villager (Male) |
| 10:49 | Research | Double-Bit Axe |
| 10:58 | Create | Archer |
| 10:59 | Build | House |
| 11:05 | Build | Palisade Wall |
| 11:11 | Build | Palisade Wall |
| 11:15 | Create | Villager (Male) |
| 11:18 | Build | Farm |
| 11:20 | Build | Farm |
| 11:27 | Create | Archer |
| 11:37 | Build | Farm |
| 11:44 | Create | Archer |
| 11:48 | Create | Villager (Male) |
| 12:06 | Create | Villager (Male) |
| 12:25 | Create | Archer |
| 12:26 | Create | Villager (Male) |
| 12:33 | Build | Blacksmith |
| 12:39 | Create | Archer |
| 12:48 | Create | Villager (Male) |
| 13:01 | Build | Mill |
| 13:09 | Create | Villager (Male) |
| 13:14 | Build | Palisade Wall |
| 13:29 | Create | Villager (Male) |
| 13:35 | Build | Farm |
| 13:37 | Build | Palisade Wall |
| 13:43 | Build | Farm |
| 13:44 | Build | Farm |
| 13:56 | Research | Man-at-Arms (upgrade) |
| 13:59 | Create | Archer |
| 14:01 | Create | Militia |
| 14:07 | Build | Palisade Wall |
| 14:19 | Build | Palisade Gate |
| 14:23 | Create | Archer |
| 14:25 | Create | Militia |
| 14:29 | Build | Farm |
| 14:30 | Build | House |
| 14:33 | Build | Farm |
| 14:36 | Create | Villager (Male) |
| 14:57 | Create | Villager (Male) |
| 15:01 | Build | House |
| 15:02 | Build | House |
| 15:08 | Build | House |
| 15:16 | Create | Archer |
| 15:18 | Create | Villager (Male) |
| 15:20 | Build | Farm |
| 15:30 | Create | Villager (Male) |
| 15:48 | Build | House |
| 16:22 | Create | Skirmisher |
| 16:31 | Create | Villager (Male) |
| 16:34 | Create | Archer |
| 16:36 | Create | Militia |
| 16:39 | Build | Watch Tower |
| 16:57 | Create | Archer |
| 16:58 | Create | Militia |
| 17:06 | Build | Archery Range |
| 17:34 | Create | Archer |
| 17:34 | Create | Archer |
| 17:35 | Create | Villager (Male) |
| 17:36 | Create | Villager (Male) |
| 17:48 | Create | Militia |
| 17:49 | Create | Skirmisher |
| 18:02 | Create | Archer |
| 18:03 | Create | Archer |
| 18:12 | Create | Villager (Male) |
| 18:13 | Create | Villager (Male) |
| 18:13 | Create | Villager (Male) |
| 18:17 | Create | Skirmisher |
| 18:18 | Create | Skirmisher |
| 18:27 | Build | House |
| 18:57 | Create | Villager (Male) |
| 19:01 | Create | Skirmisher |
| 19:02 | Create | Skirmisher |
| 19:21 | Create | Skirmisher |
| 19:24 | Build | House |
| 19:28 | Build | Farm |
| 19:39 | Build | Lumber Camp |
| 19:40 | Build | Farm |
| 19:41 | Build | Farm |
| 19:49 | Create | Skirmisher |
| 19:56 | Create | Villager (Male) |
| 19:58 | Build | Farm |
| 20:10 | Create | Villager (Male) |
| 20:33 | Create | Villager (Male) |
| 20:35 | Build | Market |
| 20:55 | Build | House |
| 21:10 | Build | House |
| 21:11 | Build | House |
| 21:32 | Create | Villager (Male) |
| 21:37 | Build | Farm |
| 22:18 | Research | Castle Age |
| 22:34 | Build | Farm |
| 22:34 | Research | Horse Collar |
| 23:07 | Build | Farm |
| 23:54 | Age | Castle Age |
| 23:56 | Build | Town Center |
| 23:58 | Research | Bow Saw |
| 23:59 | Create | Villager (Male) |
| 24:13 | Create | Villager (Male) |
| 24:37 | Create | Villager (Male) |
| 24:58 | Build | Town Center |
| 25:09 | Create | Villager (Male) |
| 25:10 | Create | Villager (Male) |
| 25:11 | Build | Farm |
| 25:17 | Create | Villager (Male) |
| 25:21 | Build | Farm |
Match timeline
| 6:20 | DK | Good_luck · first_building Barracks |
| 8:05 | DK | Good_luck · wall_segment Palisade Wall x22 |
| 8:24 | I'm The Cost · first_building Barracks |
| 8:30 | I'm The Cost · wall_segment Palisade Wall x4 |
| 8:31 | I'm The Cost · wall_segment Palisade Wall x7 |
| 8:38 | I'm The Cost · wall_segment Palisade Wall x6 |
| 8:44 | I'm The Cost · wall_segment Palisade Wall x1 |
| 8:45 | I'm The Cost · wall_segment Palisade Wall x1 |
| 8:46 | I'm The Cost · wall_segment Palisade Wall x1 |
| 8:47 | I'm The Cost · wall_segment Palisade Wall x1 |
| 8:49 | I'm The Cost · wall_segment Palisade Wall x1 |
| 8:50 | DK | Good_luck · age_up feudal |
| 8:50 | I'm The Cost · wall_segment Palisade Wall x1 |
| 8:58 | I'm The Cost · age_up feudal |
| 9:19 | I'm The Cost · wall_segment Palisade Wall x1 |
| 9:24 | I'm The Cost · wall_segment Palisade Wall x1 |
| 9:26 | I'm The Cost · wall_segment Palisade Wall x1 |
| 9:39 | I'm The Cost · wall_segment Palisade Wall x1 |
| 9:44 | DK | Good_luck · first_building Archery Range |
| 9:48 | I'm The Cost · wall_segment Palisade Wall x5 |
| 9:58 | DK | Good_luck · wall_segment Palisade Wall x3 |
| 11:05 | DK | Good_luck · wall_segment Palisade Wall x9 |
| 11:11 | DK | Good_luck · wall_segment Palisade Wall x2 |
| 11:18 | I'm The Cost · wall_segment Palisade Wall x1 |
| 11:24 | I'm The Cost · first_building Archery Range |
| 11:37 | I'm The Cost · wall_segment Palisade Wall x1 |
| 13:14 | DK | Good_luck · wall_segment Palisade Wall x14 |
| 13:37 | DK | Good_luck · wall_segment Palisade Wall x8 |
| 14:07 | DK | Good_luck · wall_segment Palisade Wall x7 |
| 14:36 | I'm The Cost · wall_segment Stone Wall x5 |
| 21:17 | I'm The Cost · wall_segment Palisade Wall x1 |
| 22:07 | DK | Good_luck · first_market_buy 100 food |
| 22:31 | I'm The Cost · first_market_buy 100 food |
| 22:31 | I'm The Cost · first_market_sell 500 stone |
| 23:08 | I'm The Cost · wall_segment Palisade Wall x1 |
| 23:26 | I'm The Cost · wall_segment Palisade Wall x1 |
| 23:54 | DK | Good_luck · age_up castle |
| 24:26 | I'm The Cost · wall_segment Palisade Wall x2 |
| 24:28 | I'm The Cost · wall_segment Palisade Wall x7 |
| 24:29 | I'm The Cost · wall_segment Palisade Wall x5 |
| 25:35 | I'm The Cost · age_up castle |
| 25:56 | I'm The Cost · first_building Monastery |
| 26:24 | DK | Good_luck · first_building Stable |
| 28:15 | DK | Good_luck · wall_segment Palisade Wall x1 |
| 29:20 | DK | Good_luck · first_building Castle |
| 30:05 | DK | Good_luck · wall_segment Stone Wall x1 |
| 30:06 | DK | Good_luck · wall_segment Stone Wall x1 |
| 32:49 | DK | Good_luck · wall_segment Stone Wall x1 |
| 32:56 | DK | Good_luck · wall_segment Stone Wall x1 |
| 33:36 | DK | Good_luck · first_market_sell 100 food |
| 34:51 | DK | Good_luck · wall_segment Stone Wall x2 |
| 35:45 | I'm The Cost · first_building Siege Workshop |
| 36:27 | DK | Good_luck · wall_segment Stone Wall x1 |
| 37:24 | DK | Good_luck · first_building Monastery |
| 39:26 | I'm The Cost · age_up imperial |
| 40:26 | DK | Good_luck · age_up imperial |
| 41:21 | I'm The Cost · first_building Castle |
| 46:28 | I'm The Cost · wall_segment Palisade Wall x1 |
| 46:28 | I'm The Cost · wall_segment Palisade Wall x1 |
| 46:54 | I'm The Cost · wall_segment Palisade Wall x1 |
| 47:27 | I'm The Cost · wall_segment Palisade Wall x1 |
| 48:05 | DK | Good_luck · first_building Siege Workshop |
| 48:56 | I'm The Cost · resign |
[ AI ANALYSIS · 1 CREDIT ]
What really happened in this match?
Wolo.gg analyzes every decision: build order, eco, micro, common mistakes by bracket. Personalized analysis on WhatsApp or Discord in 30 seconds.
Civ guide
Incas
Perfil
Jugador #1955552